 Dungeon Crawl Stone Soup version 0.16.1 (webtiles) character file.

25942 Sixotanaka the Executioner (level 13, -10/142 HPs)
             Began as a Hill Orc Fighter on Mar 28, 2015.
             Was the Champion of Beogh.
             Mangled by a frost giant
             ... wielding a +0 battleaxe of freezing
              (18 damage)
             ... in an ice cave.
             The game lasted 00:43:25 (17292 turns).

Sixotanaka the Executioner (Hill Orc Fighter)      Turns: 17292, Time: 00:43:25

Health: -10/142    AC: 26    Str: 23    XL:     13   Next: 22%
Magic:  10/13      EV:  2    Int:  8    God:    Beogh [******]
Gold:   849        SH:  0    Dex: 11    Spells: 0 memorised, 12 levels left

rFire  . . .     SeeInvis .     v - +2 battleaxe (venom)
rCold  . . .     Clarity  .     O - melded +1 plate armour {rF+}
rNeg   + + +     SustAb   .     (no shield)
rPois  +         Gourm    .     r - melded +0 helmet
rElec  .         Spirit   .     F - melded +0 cloak
rCorr  .         Warding  .     d - melded +1 pair of gloves {Dex+3}
rMut   +         NoTele   +     y - melded +0 pair of boots
MR     .....                    k - amulet of resist mutation
Stlth  +.........               l - +4 ring of slaying
                                L - +2 ring of evasion

@: tree-form, not resistant to hostile enchantments, very unstealthy
A: walk on water
a: Smiting, Recall Orcish Followers, Give Item to Named Follower, Renounce
Religion


You were in an ice cave.
You worshipped Beogh.
Beogh was exalted by your worship.
You were not hungry.
You were a tree.
You visited 2 branches of the dungeon, and saw 14 of its levels.
You also visited: Ice Cave and Volcano.

You collected 849 gold pieces.


   Skills:
 - Level 3.6 Fighting
 + Level 21.2 Axes
 + Level 13.6 Armour
 - Level 3.2 Shields


You had 12 spell levels left.
You didn't know any spells.

Dungeon Overview and Level Annotations

Branches:
Dungeon (11/15)            Temple (0/1) D:7            Lair (3/8) D:11
    Orc (0/4) D:9
  Swamp: Lair:3-6    Shoals: Lair:3-6     Snake: Lair:3-6    Spider: Lair:3-6

Altars:
Ru

Shops:
D:4 (

Annotations:
D:3 Grinder
D:6 4 runed doors

Inventory:

Hand weapons
 n - a +0 blowgun
 v - a +2 battleaxe of venom (weapon)
   (You found it on level 4 of the Dungeon)
Missiles
 b - 4 javelins (quivered)
 x - 119 poisoned needles
 P - 3 tomahawks of dispersal {!f}
 W - 6 needles of confusion
 X - 2 throwing nets
Armour
 c - a +0 shield
 d - a +1 pair of gloves of dexterity (melded)
   (You found it on level 6 of the Dungeon)
 r - a +0 helmet (melded)
 y - a +0 pair of boots (melded)
 F - a +0 cloak (melded)
 O - a +1 plate armour of fire resistance (melded)
   (You found it in a volcano)
Jewellery
 k - an amulet of resist mutation (around neck)
 l - a +4 ring of slaying (right branch)
 t - an uncursed ring of poison resistance
 L - a +2 ring of evasion (left branch)
 Q - an uncursed ring of protection from fire
 U - a +2 ring of dexterity
Magical devices
 N - a wand of digging (15)
 Z - a wand of fire (5)
Scrolls
 f - 4 scrolls of enchant weapon
 j - 7 scrolls of remove curse {@r2}
 p - 3 scrolls of magic mapping
 u - 9 scrolls of teleportation {@r4}
 w - a scroll of noise {unknown}
 B - a scroll of enchant armour {unknown}
 C - 3 scrolls of fog
 I - 2 scrolls of amnesia {unknown}
 K - a scroll of blinking {unknown}
 V - 2 scrolls of fear {unknown}
Potions
 a - a potion of invisibility
 e - 4 potions of might
 i - 2 potions of flight {unknown}
 m - 4 potions of curing {@q1}
 z - 2 potions of resistance
 E - 2 potions of heal wounds {@q2}
 G - a potion of brilliance
 H - a potion of ambrosia {!q}
 M - 3 potions of magic
 R - a potion of restore abilities {unknown}
 S - 2 potions of berserk rage
 Y - a potion of haste {@q3}
Miscellaneous
 J - a phial of floods
Comestibles
 g - 7 bread rations
 h - a royal jelly
 o - a meat ration
 s - 3 fruits
 T - 7 slices of pizza

..####≈≈≈≈≈≈ .###≈≈≈≈≈≈≈≈≈ ###
≈≈≈≈#≈≈# ≈o####≈≈≈##### ##
##≈≈#≈≈≈##...### ..###
##oo≈≈#≈..##..## #....#
#≈≈≈#≈≈.#####..# #Y....#
≈≈≈#######..#..##########h...#
≈≈###.###.#..#..♣##...##C.Y#
## #.⌠.#o########CYY##oYY###
##.#.## ########## #####


You could see a frost giant, a death yak and a yak.


Message History

* * * LOW HITPOINT WARNING * * *
Borgun closely misses the yak.
You swap places.
The yak gores you!
* * * LOW HITPOINT WARNING * * *
The polar bear bites Borgun.
The polar bear claws Borgun.
The polar bear claws Borgun.
The frost giant hits Borgun with a battleaxe of freezing.
The frost giant freezes Borgun.
Borgun invokes the aid of Beogh against the polar bear.
The polar bear convulses in agony!
You hit the yak!!
The yak looks even sicker.
The yak gores you but does no damage.
The polar bear barely misses Borgun.
The polar bear claws Borgun but does no damage.
The polar bear claws Borgun.
You hit the yak but do no damage.
Borgun closely misses the polar bear.
Borgun hits the frost giant but does no damage.
Borgun barely misses the yak.
The yak gores you but does no damage.
The polar bear bites Borgun!
Borgun dies!
The polar bear looks stronger.
Drink which item? (? for menu, Esc to quit)
Okay, then.
You swap places.
You kill the yak!
Beogh accepts your kill.
Your orc priest hits the frost giant but does no damage.
The frost giant hits your orc priest with a battleaxe of freezing.
The frost giant freezes your orc priest.
You swap places.
Your orc priest calls down the wrath of Beogh upon something.
Something hits your orc priest!! Something freezes your orc priest.
Your orc priest dies!
Your orc wizard barely misses the yak.
Your orc wizard closely misses the yak.
The yak barely misses your orc wizard.
You start resting.
Beogh accepts your kill.
You feel a bit more experienced.
You start resting.
The yak bellows!
You hit the yak!
The yak is poisoned.
The yak barely misses you.
Drink which item? (? for menu, Esc to quit)
Really quaff
q - a potion of lignification {!q}? [Y]es or [N]o only, please.
Really quaff
q - a potion of lignification {!q}?
You turn into a tree.
Your +0 cloak melds into your body.
Your +0 helmet melds into your body.
Your +1 pair of gloves of dexterity melds into your body.
Your +0 pair of boots melds into your body.
Your +1 plate armour of fire resistance melds into your body.
You feel clumsy.
You feel less resistant to fire.
Your roots penetrate the ground.
The yak gores you!
* * * LOW HITPOINT WARNING * * *
You hit the yak! You hit the yak!
You kill the yak!
Beogh accepts your kill.
The frost giant points at you and mumbles some strange words.
The bolt of cold hits you!
* * * LOW HITPOINT WARNING * * *
Read which item? (? for menu, Esc to quit)
You cannot teleport because you are held in place by your roots.
You fail to use your ability.
Smite: a frost giant, wielding a battleaxe of freezing (heavily wounded, poisoned)
You smite the frost giant!
You feel somewhat more hungry.
The frost giant points at you and mumbles some strange words.
The bolt of cold hits you!
You hit the frost giant!
The frost giant hits you with a battleaxe of freezing!!
You die...

Action                   |  1- 3 |  4- 6 |  7- 9 | 10-12 | 13-15 || total
-------------------------+-------+-------+-------+-------+-------++-------
Melee: War axe           |   110 |   155 |       |       |       ||   265
       Battleaxe         |       |    23 |   334 |   596 |    67 ||  1020
Throw: Javelin           |       |     4 |     4 |     1 |       ||     9
Invok: Convert to Beogh  |       |     1 |       |       |       ||     1
       Smiting           |       |       |       |       |     1 ||     1
  Use: Potion            |       |     1 |       |     2 |     1 ||     4
       Scroll            |       |       |       |    17 |       ||    17
 Stab: Distracted        |       |       |     1 |     4 |       ||     5
  Eat: Chunk             |     1 |     5 |     2 |    16 |     1 ||    25
       Meat ration       |       |     1 |     1 |     2 |       ||     4
       Pizza             |       |       |     1 |     1 |       ||     2
       Beef jerky        |       |       |       |     1 |       ||     1
       Bread ration      |       |       |       |     1 |       ||     1

Vault maps used:
D:1:      lightli_arrival_windingriver
D:2:      uniq_robin
D:3:      first_bread, uniq_sigmund, uniq_jessica, uniq_grinder
D:4:      serial_shops, nicolae_shop_trees, dk_noncrumbling_4,
          hangedman_abyss_or_decor_jellyfish_corner, grunt_ministairs_3,
          minmay_bisected, uniq_blork_the_orc
D:5:      uniq_pikel, uniq_crazy_yiuf_cottage
D:6:      lemuel_doored_altar, hangedman_decor_clover_reticule,
          minmay_hollow_rounded_squares, uniq_edmund
D:7:      boulder_indie, minmay_temple_entry_overgrown, grunt_decor_one_mirror
D:8:      grunt_pizzeria, hangedman_abyss_or_decor_passed, uniq_psyche
D:9:      david_orc_3
D:10:     uniq_erolcha, uniq_maurice, uniq_josephine
D:11:     erik_lair_dragon, kennysheep_generic_room_6, uniq_harold
Lair:2:   enter_volcano_1, infiniplex_staircase_pool_2
Lair:3:   portal_ice_cave_entry_imps, ldierk_geyser, wad_woods_road_04,
          uniq_gastronok
IceCv:    ice_cave_caverns_03
Volcano:  volcano_village

Notes
Turn   | Place    | Note
--------------------------------------------------------------
     0 | D:1      | Sixotanaka, the Hill Orc Fighter, began the quest for the Orb.
     0 | D:1      | Reached XP level 1. HP: 19/19 MP: 1/1
    56 | D:1      | Reached skill level 3 in Axes
   261 | D:1      | Reached XP level 2. HP: 26/26 MP: 2/2
   419 | D:1      | Reached skill level 4 in Axes
   928 | D:2      | Reached XP level 3. HP: 31/31 MP: 3/3
  1010 | D:2      | Reached skill level 5 in Axes
  1175 | D:2      | Noticed Robin
  1205 | D:2      | Reached XP level 4. HP: 32/39 MP: 4/4
  1207 | D:2      | Killed Robin
  1503 | D:3      | Reached skill level 6 in Axes
  1506 | D:3      | Noticed Sigmund
  1517 | D:3      | Killed Sigmund
  1517 | D:3      | Reached skill level 7 in Axes
  1517 | D:3      | Reached XP level 5. HP: 34/45 MP: 5/5
  1769 | D:3      | Reached skill level 8 in Axes
  1774 | D:3      | Noticed Grinder
  1781 | D:3      | Reached XP level 6. HP: 49/51 MP: 6/6
  1811 | D:3      | HP: 8/51 [Grinder (7)]
  1819 | D:3      | Paralysed by Grinder for 6 turns
  1824 | D:3      | HP: 5/51 [poisoned by a kobold]
  1828 | D:3      | HP: 2/51 [poisoned by a kobold]
  1830 | D:3      | Paralysed by Grinder for 4 turns
  1834 | D:2      | HP: 2/51 [poisoned by a kobold]
  2128 | D:4      | Found Grushrati's Weapon Boutique.
  2400 | D:3      | Noticed Jessica
  2429 | D:3      | Killed Jessica
  2510 | D:4      | Became a worshipper of Beogh the Brigand
  2693 | D:4      | Reached skill level 9 in Axes
  2782 | D:4      | Noticed Blork the orc
  2874 | D:4      | Killed Blork the orc
  2874 | D:4      | Reached XP level 7. HP: 41/57 MP: 7/7
  3153 | D:4      | Reached skill level 10 in Axes
  3158 | D:4      | Acquired Beogh's first power
  3447 | D:5      | Entered Level 5 of the Dungeon
  3562 | D:5      | Noticed Sixotanaka's ghost (average FeTm)
  3594 | D:5      | Killed Sixotanaka's ghost
  3594 | D:5      | Reached skill level 11 in Axes
  3807 | D:5      | Reached XP level 8. HP: 55/64 MP: 8/8
  4166 | D:4      | Reached skill level 12 in Axes
  4437 | D:5      | Noticed Pikel
  4774 | D:5      | Killed Pikel
  4774 | D:5      | Reached skill level 13 in Axes
  5012 | D:5      | Reached XP level 9. HP: 70/70 MP: 9/9
  5031 | D:5      | Noticed Crazy Yiuf
  5044 | D:5      | Killed Crazy Yiuf
  5044 | D:5      | Reached skill level 14 in Axes
  5152 | D:6      | Found a sacrificial altar of Ru.
  5241 | D:6      | Acquired Beogh's second power
  5765 | D:6      | Found a large runed door.
  5765 | D:6      | Found a large runed door.
  5822 | D:6      | Reached skill level 15 in Axes
  6096 | D:6      | Found a large runed door.
  6096 | D:6      | Found a large runed door.
  6193 | D:6      | Reached skill level 16 in Axes
  6306 | D:6      | Noticed Edmund
  6311 | D:6      | Killed Edmund
  6487 | D:6      | Reached skill level 4 in Armour
  6911 | D:7      | Reached XP level 10. HP: 77/77 MP: 10/10
  6912 | D:7      | Acquired Beogh's third power
  7216 | D:7      | Reached skill level 5 in Armour
  7358 | D:7      | Found a staircase to the Ecumenical Temple.
  7793 | D:8      | Gained Margrim as an ally
  7804 | D:8      | Noticed Psyche
  7810 | D:8      | Killed Psyche
  7810 | D:8      | Reached skill level 17 in Axes
  7810 | D:8      | Reached skill level 6 in Armour
  7934 | D:8      | Your ally Margrim died
  8344 | D:8      | Acquired Beogh's fourth power
  8948 | D:9      | Gained Judas as an ally
  9270 | D:9      | Reached skill level 7 in Armour
  9274 | D:9      | Gained Bogwik as an ally
  9436 | D:9      | Found a staircase to the Orcish Mines.
  9470 | D:9      | Gained Bogmar as an ally
  9980 | D:9      | Gained Okrist as an ally
 10349 | D:10     | Entered Level 10 of the Dungeon
 10378 | D:10     | Noticed Maurice
 10390 | D:10     | Your ally Bogmar died
 10393 | D:10     | Killed Maurice
 10393 | D:10     | Reached skill level 8 in Armour
 10393 | D:10     | Reached XP level 11. HP: 76/82 MP: 11/11
 10540 | D:10     | Noticed Josephine
 10548 | D:10     | Reached skill level 18 in Axes
 10554 | D:10     | Killed Josephine
 10753 | D:10     | Acquired Beogh's fifth power
 11066 | D:10     | Gained Hawl as an ally
 11069 | D:10     | Killed an unseen horror
 11069 | D:10     | Reached skill level 9 in Armour
 11762 | D:10     | Noticed Erolcha
 11778 | D:10     | Killed Erolcha
 12482 | D:11     | Noticed Harold
 12487 | D:11     | Killed Harold
 12525 | D:11     | Killed an unseen horror
 12525 | D:11     | Reached skill level 10 in Armour
 12757 | D:11     | Reached skill level 19 in Axes
 13214 | D:11     | Found a staircase to the Lair.
 13585 | Lair:1   | Entered Level 1 of the Lair of Beasts
 13743 | Lair:1   | Reached skill level 11 in Armour
 13743 | Lair:1   | Reached XP level 12. HP: 66/90 MP: 12/12
 15012 | Lair:2   | Found a dark tunnel.
 15021 | Volcano  | Entered a volcano
 15746 | Lair:2   | Reached skill level 20 in Axes
 15879 | Lair:2   | Reached skill level 12 in Armour
 16472 | Lair:3   | Gained Arkwar as an ally
 16519 | Lair:3   | Found a frozen archway.
 16519 | Lair:3   | Noticed Gastronok
 16526 | Lair:3   | Killed Gastronok
 16557 | IceCv    | Entered an ice cave
 16847 | IceCv    | Reached skill level 13 in Armour
 16872 | IceCv    | Reached XP level 13. HP: 91/95 MP: 13/13
 16939 | IceCv    | Gained Borgun as an ally
 16943 | IceCv    | Reached skill level 21 in Axes
 17233 | IceCv    | Noticed a death yak
 17233 | IceCv    | Noticed a frost giant
 17252 | IceCv    | HP: 21/95 [yak (7)]
 17254 | IceCv    | Your ally Borgun died
 17287 | IceCv    | HP: 35/142 [yak (8)]
 17289 | IceCv    | HP: 8/142 [frost giant/bolt of cold (28)]
 17292 | IceCv    | Mangled by a frost giant

Vanquished Creatures
  Gastronok (Lair:3)
  Harold (D:11)
  2 unseen horrors
  Erolcha (D:10)
  Pikel (D:5)
  Maurice (D:10)
  A black mamba (Lair:1)
  4 spiny frogs
  4 komodo dragons
  14 polar bears
  A troll (D:9)
  A basilisk (Lair:2)
  A deep elf mage (D:11)
  2 fire bats (Volcano)
  A wraith (D:10)
  21 yaks
  A wyvern (D:11)
  The ghost of Sixotanaka the Sneak, an average FeTm (D:5)
  3 hungry ghosts
  A soldier ant (D:6)
  Edmund (D:6)
  14 wolves
  4 deep elf fighters
  3 hippogriffs
  2 mottled dragons (D:11)
  6 porcupines
  4 orc warriors
  4 water moccasins
  2 sky beasts
  6 ice beasts
  A slave (D:5)
  4 centaurs
  A necrophage (D:8)
  A phantom (D:5)
  2 crocodiles
  4 ogres
  Sigmund (D:3)
  3 big kobolds
  Blork the orc (D:4)
  8 giant frogs
  5 jellies
  2 wyvern skeletons (D:6)
  14 killer bees
  6 wights
  2 goliath beetles (D:6)
  A quasit (D:9)
  A crimson imp (D:6)
  2 giant frog skeletons
  Crazy Yiuf (D:5)
  A giant frog zombie (D:6)
  4 orc priests
  6 hounds
  7 iguanas
  11 orc wizards
  9 worker ants
  A killer bee zombie (D:11)
  Jessica (D:3)
  A hound zombie (D:6)
  A hound skeleton (D:8)
  2 worker ant zombies
  7 gnolls
  Robin (D:2)
  12 river rats (Lair:2)
  5 shadow imps
  8 adders
  2 giant mites (D:4)
  A goliath beetle zombie (D:6)
  6 white imps (Lair:3)
  2 worms (D:2)
  3 adder skeletons
  7 giant geckos
  33 orcs
  15 bats
  A bat zombie (D:8)
  7 giant cockroaches
  16 goblins
  15 hobgoblins
  2 jackals (D:1)
  7 quokkas
  2 ball pythons
  A giant gecko zombie (D:8)
  3 giant newts
  A giant spore (D:11)
  2 jackal skeletons
  32 kobolds
  A quokka zombie (D:6)
  11 rats
  A ballistomycete (D:11)
  6 fungi
  2 plants (Lair:2)
425 creatures vanquished.

Vanquished Creatures (collateral kills)
  Josephine (D:10)
  A spiny frog (Lair:3)
  Psyche (D:8)
  A gargoyle (D:11)
  A fire drake (Lair:3)
  A kobold demonologist (D:10)
  A polar bear (IceCv)
  A troll (D:10)
  A two-headed ogre (D:7)
  4 yaks
  A hippogriff (Lair:1)
  2 wolves (Lair:2)
  A deep elf mage (D:9)
  2 wraiths (D:10)
  A water moccasin (Lair:2)
  A soldier ant (D:11)
  2 sky beasts
  3 ogres
  4 giant frogs
  A scorpion (D:9)
  8 wights
  4 killer bees
  2 crimson imps
  An orc priest (D:9)
  2 centaur skeletons
  A giant frog skeleton (D:8)
  A giant frog zombie (D:11)
  3 iguanas
  2 orc wizards (D:9)
  A worker ant (D:10)
  9 river rats (Lair:2)
  An adder (D:9)
  3 shadow imps
  6 white imps (Lair:3)
  A giant gecko (D:8)
  3 orcs (D:7)
  3 hobgoblins
  A quokka (Lair:2)
  A bat (D:10)
  4 kobolds
  A rat (D:8)
  A ballistomycete (D:11)
  A plant (Lair:2)
91 creatures vanquished.

Vanquished Creatures (others)
  A two-headed ogre (Volcano)
  A hog (Volcano)
  3 orc priests
  4 orc wizards
  An adder (D:4)
  18 orcs
  A hobgoblin (D:4)
  A giant spore (D:5)
  A rat (D:4)
31 creatures vanquished.

Grand Total: 547 creatures vanquished
